 Dungeon Crawl Stone Soup version 0.31.0-11-ge490571c62 (webtiles) character file.

Game seed: 11857431623241191685

242 qw the Skirmisher (level 5, -2/30 HPs)
             Began as a Deep Elf Hunter on Feb 4, 2024.
             Slain by a hobgoblin (6 damage)
             ... led by Robin
             ... on level 2 of the Dungeon.
             The game lasted 00:00:04 (922 turns).

qw the Skirmisher (Deep Elf Hunter)                  Turns: 922, Time: 00:00:04

Health: -2/30      AC:  6    Str: 10    XL:     5   Next: 82%
Magic:  7/7        EV: 11    Int: 14    God:
Gold:   56         SH:  0    Dex: 18    Spells: 4/4 levels left

rFire   . . .        a - +0 shortbow
rCold   . . .        (shield currently unavailable)
rNeg    . . .        k - +0 ring mail
rPois   .            (no helmet)
rElec   .            (no cloak)
rCorr   .            (no gloves)
SInv    .            j - +0 pair of boots
Will    .....        (no amulet)
Stlth   +            (no ring)
HPRegen 0.25/turn    (no ring)
MPRegen 0.10/turn

%: no passive effects
@: no status effects
A: no striking features
a: no special abilities


You were on level 2 of the Dungeon.
You visited 1 branch of the dungeon, and saw 2 of its levels.

You collected 56 gold pieces.


   Skills:
 + Level 1.8 Fighting
 - Level 9.3 Ranged Weapons
 - Level 2.4 Dodging
 - Level 1.2 Stealth


You had 4 spell levels left.
You didn't know any spells.
Your spell library was empty.

Inventory:

Hand Weapons
 a - a +0 shortbow (weapon)
Armour
 b - a +0 pair of gloves of stealth
 f - a +0 cloak
 j - a +0 pair of boots (worn)
 k - a +0 ring mail (worn)
Jewellery
 g - a ring of willpower
Potions
 c - a potion of curing {unknown}
 d - a potion of might
 e - a potion of mutation {unknown}

Dungeon Overview and Level Annotations

Branches:
Dungeon (2/15)

Altars:
Sif Muna

Annotations:
D:2 Robin


Message History

Robin hits you with a +0 club. The hobgoblin closely misses you.
You shoot an arrow.
The arrow hits Robin but does no damage.
The hobgoblin hits you but does no damage.
Robin barely misses you.
You shoot an arrow. The arrow closely misses Robin.
The endoplasm barely misses you. Robin hits you with a +0 club.
The hobgoblin hits you but does no damage.
You shoot an arrow. The arrow barely misses Robin.
The endoplasm freezes you.
You are frozen.
Robin hits you with a +0 club. The hobgoblin misses you.
You shoot an arrow. The arrow hits Robin.
Robin is lightly wounded.
The endoplasm freezes you.
You are frozen.
Robin hits you with a +0 club. The hobgoblin barely misses you.
You shoot an arrow. The arrow barely misses Robin.
The endoplasm completely misses you.
The hobgoblin hits you but does no damage.
Robin hits you but does no damage.
You shoot an arrow.
The arrow hits Robin but does no damage.
Robin is lightly wounded.
Robin hits you with a +0 club. The endoplasm freezes you.
You are frozen.
The hobgoblin hits you but does no damage.
You shoot an arrow. The arrow closely misses Robin.
The endoplasm misses you. Robin barely misses you.
The hobgoblin barely misses you.
You shoot an arrow. The arrow hits Robin.
Robin is moderately wounded.
The endoplasm freezes you.
You are frozen.
Robin hits you with a +0 club. The hobgoblin closely misses you.
You shoot an arrow. The arrow closely misses Robin.
The endoplasm hits you but does no damage.
Robin hits you but does no damage. The hobgoblin hits you.
You shoot an arrow. The arrow hits Robin.
Robin is heavily wounded.
The endoplasm closely misses you. The hobgoblin hits you.
You die...

#.#.## ##.#(.#
#.##.###.##.##
#.###.#.####.#
#.............
##.##..####### #####
#.##..# #...####.##..##
####.g(..........#
#...)g@..:..##^#.######
....).J######.)...##....
##.#.)............##.###
#)########.._..##.# #.
#........### #
#...........
####...##### #####


You could see Robin, an endoplasm and a hobgoblin (strong).

Vanquished Creatures
  Sigmund (D:2)
  Jessica (D:2)
  An adder (D:2)
  A dart slug (D:1)
  4 bats
  6 endoplasms
  3 giant cockroaches
  12 goblins
  4 hobgoblins
  A kobold (D:1)
  4 ball pythons (D:1)
  2 frilled lizards
  3 rats (D:1)
43 creatures vanquished.

Notes
Turn   | Place    | Note
-------+----------+-------------------------------------------
     0 | D:1      | qw the Deep Elf Hunter began the quest for the Orb.
     0 | D:1      | Reached XP level 1. HP: 12/12 MP: 3/3
     0 | D:1      | 0 ||| qw: Version: 0.3-a-160-g6735b56
     0 | D:1      | 0 ||| qw: Game counter: 5199
     0 | D:1      | 0 ||| qw: Melee chars always use a shield: true
     0 | D:1      | 0 ||| qw: God list: Okawaru
     0 | D:1      | 0 ||| qw: Allow faded altars: false
     0 | D:1      | 0 ||| qw: Do Orc after clearing Dungeon:15 true
     0 | D:1      | 0 ||| qw: Do second Lair branch before Depths: true
     0 | D:1      | 0 ||| qw: Lair rune preference: random
     0 | D:1      | 0 ||| qw: Goals: Normal
     0 | D:1      | 0 ||| PLANNING D:1-11
    72 | D:1      | Reached XP level 2. HP: 16/16 MP: 4/4
    76 | D:1      | Reached skill level 6 in Ranged Weapons
   301 | D:1      | Reached XP level 3. HP: 20/20 MP: 5/5
   413 | D:1      | 413 ||| UPGRADING to +0 pair of boots.
   418 | D:1      | 418 ||| UPGRADING to +0 ring mail.
   428 | D:1      | 428 ||| DROPPING +0 leather armour.
   429 | D:1      | 429 ||| READING scroll labelled JAN JOLOSUVAI.
   430 | D:1      | 430 ||| READING scroll labelled FUHAOTHRAPUR.
   430 | D:1      | 430 ||| IDENTIFYING silvery potion
   431 | D:1      | 431 ||| READING scroll labelled WEXING HAONTO.
   432 | D:1      | 432 ||| READING scroll labelled REOSHR OLEUGEOX.
   435 | D:1      | 435 ||| DRINKING 2 glowing purple potions.
   436 | D:1      | 436 ||| DROPPING scroll of butterflies.
   437 | D:1      | 437 ||| DROPPING potion of magic.
   568 | D:2      | Noticed Jessica
   569 | D:2      | Killed Jessica
   570 | D:2      | Reached skill level 7 in Ranged Weapons
   636 | D:2      | Reached XP level 4. HP: 14/25 MP: 6/6
   818 | D:2      | Found a shimmering blue altar of Sif Muna.
   819 | D:2      | Noticed Sigmund
   824 | D:2      | Killed Sigmund
   825 | D:2      | Reached skill level 9 in Ranged Weapons
   825 | D:2      | Reached XP level 5. HP: 28/29 MP: 7/7
   906 | D:2      | Noticed Robin
   918 | D:2      | HP: 6/30 [frozen (4)]
   922 | D:2      | Slain by a hobgoblin

Levels and vault maps discovered:
D:1:      minmay_arrival_five_plusses, layout_rooms
D:2:      layout_loops_ring, basic_altar, hangedman_decor_points, uniq_sigmund,
          uniq_robin, uniq_jessica

Skill      XL: |  1  2  3  4 |
---------------+-------------+-----
Ranged Weapons | 6 7 9 |  9.3
Fighting       | |  1.8
Dodging        | |  2.4
Stealth        | |  1.2

Action                     |  1- 3 |  4- 6 || total
---------------------------+-------+-------++-------
   Fire: Shortbow          |    85 |    37 ||   122
    Use: Scroll            |     4 |       ||     4
         Potion            |     1 |       ||     1
 Armour: Leather armour    |    12 |       ||    12
         Ring mail         |     8 |    24 ||    32
  Dodge: Dodged            |    26 |    18 ||    44

Table legend:
 A = Non-vault XP
 B = Vault XP
 C = Vault XP percentage of total XP
 D = Non-vault monster count
 E = Vault monster count
 F = Vault count percentage of total count
                 A         B        C        D         E       F
            +---------+---------+-------+---------+---------+-------
      Total |      69 |     278 |  80.1 |      33 |      10 |  23.3
            +---------+---------+-------+---------+---------+-------
        D:1 |      42 |       0 |   0.0 |      25 |       0 |   0.0
        D:2 |      27 |     278 |  91.1 |       8 |      10 |  55.6
            +---------+---------+-------+---------+---------+-------
